 Dungeon Sprint DCSS version 0.22-a0-422-g9628fc8 (webtiles) character file.

898 Kidiri the Thaumaturge (level 7, -8/42 HPs)
             Began as a Deep Elf Fire Elementalist on May 22, 2018.
             Was an Elder of Vehumet.
             Mangled by a demonic crawler (9 damage)
             ... in the Dungeon (Sprint VII: "The Pits").
             The game lasted 00:04:53 (1151 turns).

Kidiri the Thaumaturge (Deep Elf Fire Elementalist) Turns: 1151, Time: 00:04:53

Health: -8/42      AC:  3    Str:  5    XL:     7   Next: 79%
Magic:  0/25       EV: 16    Int: 22    God:    Vehumet [****..]
Gold:   0          SH:  0    Dex: 15    Spells: 11/32 levels left

rFire    . . .     SeeInvis .   l - +2 dagger (venom)
rCold    . . .     Gourm    .   (no shield)
rNeg     . . .     Faith    .   a - +0 robe
rPois    .         Spirit   .   (no helmet)
rElec    .         Reflect  .   p - +0 cloak
rCorr    .         Harm     .   (no gloves)
MR       .....     NoTele   +   (no boots)
Stlth    ++........             (no amulet)
HPRegen  0.14/turn              (no ring)
MPRegen  0.19/turn              (no ring)

@: no status effects
A: no striking features
a: Renounce Religion


You were in the Dungeon.
You worshipped Vehumet.
Vehumet was greatly pleased with you.
You were not hungry.

You visited 1 branch

Inventory:

Hand Weapons
 l - a +2 dagger of venom (weapon)
Armour
 a - a +0 robe (worn)
 p - a +0 cloak (worn)
Scrolls
 d - 3 scrolls of remove curse
 j - 5 scrolls of amnesia
 k - a scroll of summoning
Potions
 b - 2 potions of invisibility
 e - 3 potions of heal wounds
 g - 4 potions of magic
 h - 3 potions of berserk rage
 n - 5 potions of curing
 o - a potion of mutation {unknown}
Comestibles
 c - 8 rations


   Skills:
 + Level 3.7 Fighting
 + Level 4.6 Short Blades
 + Level 3.7 Armour
 + Level 6.3 Dodging
 - Level 2.4 Stealth
 * Level 13.0 Spellcasting
 + Level 7.7 Conjurations
 + Level 8.4 Fire Magic
 + Level 1.0 Poison Magic


You had 11 spell levels left.
You knew the following spells:

 Your Spells              Type           Power        Failure   Level  Hunger
a - Flame Tongue          Conj/Fire      #####        1%          1    None
b - Throw Flame           Conj/Fire      #####.       1%          2    None
c - Conjure Flame         Conj/Fire      #####...     1%          3    None
d - Inner Flame           Hex/Fire       ####....     1%          3    None
e - Ignite Poison         Fire/Tmut/Pois ####....     1%          3    None
f - Sticky Flame          Conj/Fire      #####...     1%          4    None
g - Fireball              Conj/Fire      #####.....   1%          5    ###....

Your spell library contained the following spells:

 Spells                   Type           Power        Failure   Level  Hunger


Dungeon Overview and Level Annotations

Branches:
Dungeon (1/1)

Altars:
Ashenzari
Cheibriados
Dithmenos
Elyvilon
Fedhas
Gozag
Hepliaklqana
Kikubaaqudgha
Makhleb
Nemelex Xobeh
Okawaru
Qazlal
Ru
Sif Muna
Trog
Uskayaw
Vehumet
Wu Jian
Xom
Yredelemnul
Zin
The Shining One
Beogh
Jiyva
Lugonu

Annotations:
D exclusion: 6 doors


Message History

The demonic crawler hits you!
* * * LOW HITPOINT WARNING * * *
The demonic crawler barely misses you. The demonic crawler hits you.
* * * LOW HITPOINT WARNING * * *
Unknown command.
Casting: Flame Tongue (safe; 1% risk of failure)
Confirm with . or Enter, or press ? or * to list all spells.
Aiming: Flame Tongue (safe; 1% risk of failure)
Press: ? - help, Shift-Dir - straight line, f/p - demonic crawler
Aim: a demonic crawler (flame, almost dead, covered in liquid flames, clinging)
The flame tongue hits the demonic crawler.
The demonic crawler appears unharmed.
The demonic crawler is almost dead.
The demonic crawler burns!
The demonic crawler stops burning.
The demonic crawler is engulfed in blazing flames.
The demonic crawler hits you!
* * * LOW HITPOINT WARNING * * *
The demonic crawler hits you but does no damage.
The demonic crawler hits you!
You die...

############ #_________.#
#_________.#
#_______...###########++######
##########+##................#
#.?(.+)))+.##......#..#......#
##########.##................+
#..........)s@.........†.....+
#'#####+#####......#..#......#
#.#..#..#..##................#
#.#..+..#))#####+#####++######
#.#..####))##.......#
#.#..#..#))##.......#
#.#.)#..#[[##.......#
#.##+#..#+###...<...#
#.#........##.......#


You could see a demonic crawler.

Vanquished Creatures
  A deep elf mage (D)
  A hungry ghost (D)
  A floating eye (D)
  An ogre (D)
  A jelly (D)
  Crazy Yiuf (D)
  A worker ant (D)
  A gnoll (D)
  An adder (D)
  A river rat (D)
  An ufetubus (D)
  An ooze (D)
  A leopard gecko (D)
  A ball python (D)
  A bat skeleton (D)
  A hobgoblin (D)
  A kobold (D)
17 creatures vanquished.

Notes
Turn   | Place    | Note
-------+----------+-------------------------------------------
     0 | D        | Kidiri the Deep Elf Fire Elementalist began the quest for the Orb.
     0 | D        | Reached XP level 1. HP: 10/10 MP: 6/6
    47 | D        | Reached skill level 4 in Spellcasting
    47 | D        | Reached XP level 2. HP: 5/15 MP: 0/9
    90 | D        | Learned a level 2 spell: Throw Flame
    94 | D        | Found a bloodstained altar of Trog.
    94 | D        | Found a deep blue altar of Sif Muna.
    94 | D        | Found a viscous altar of Jiyva.
    94 | D        | Found a hazy altar of Hepliaklqana.
    94 | D        | Found an opulent altar of Gozag.
    95 | D        | Found a glowing golden altar of the Shining One.
    95 | D        | Found a glowing silver altar of Zin.
    95 | D        | Found a basalt altar of Yredelemnul.
    95 | D        | Found a shimmering altar of Xom.
    95 | D        | Found an ornate altar of the Wu Jian Council.
    95 | D        | Found a sacrificial altar of Ru.
    95 | D        | Found a stormy altar of Qazlal.
    95 | D        | Found an iron altar of Okawaru.
    95 | D        | Found a sparkling altar of Nemelex Xobeh.
    95 | D        | Found a burning altar of Makhleb.
    95 | D        | Found a blossoming altar of Fedhas.
    95 | D        | Found a white marble altar of Elyvilon.
    95 | D        | Found a shadowy altar of Dithmenos.
    95 | D        | Found a snail-covered altar of Cheibriados.
    97 | D        | Found a radiant altar of Vehumet.
    97 | D        | Found a corrupted altar of Lugonu.
    97 | D        | Found a roughly hewn altar of Beogh.
    98 | D        | Found a hide-covered altar of Uskayaw.
    98 | D        | Found an ancient bone altar of Kikubaaqudgha.
    98 | D        | Found a shattered altar of Ashenzari.
   105 | D        | Became a worshipper of Vehumet
   249 | D        | Reached skill level 5 in Spellcasting
   289 | D        | Noticed a floating eye
   291 | D        | Killed a floating eye
   291 | D        | Reached * piety under Vehumet
   291 | D        | Offered knowledge of Magic Dart by Vehumet.
   291 | D        | Reached skill level 9 in Spellcasting
   291 | D        | Reached skill level 5 in Conjurations
   291 | D        | Reached XP level 3. HP: 19/19 MP: 8/15
   291 | D        | Reached XP level 4. HP: 24/24 MP: 9/17
   297 | D        | Learned a level 3 spell: Conjure Flame
   301 | D        | Learned a level 3 spell: Inner Flame
   306 | D        | Learned a level 4 spell: Sticky Flame
   346 | D        | Reached ** piety under Vehumet
   381 | D        | Reached skill level 10 in Spellcasting
   381 | D        | Reached XP level 5. HP: 7/28 MP: 10/19
   423 | D        | Learned a level 5 spell: Fireball
   687 | D        | Offered knowledge of Shock by Vehumet.
   687 | D        | Reached *** piety under Vehumet
   736 | D        | Noticed an ogre
   737 | D        | Noticed a deep elf mage
   749 | D        | Killed an ogre
   749 | D        | Reached skill level 1 in Fighting
   749 | D        | Reached skill level 1 in Armour
   750 | D        | Noticed a fire elemental
   750 | D        | Noticed a fire elemental
   753 | D        | Reached skill level 11 in Spellcasting
   753 | D        | Reached XP level 6. HP: 30/35 MP: 0/22
   780 | D        | Killed a deep elf mage
   780 | D        | Reached **** piety under Vehumet
   780 | D        | Reached skill level 12 in Spellcasting
   780 | D        | Reached XP level 7. HP: 41/41 MP: 4/25
   810 | D        | Noticed Crazy Yiuf
   815 | D        | Killed Crazy Yiuf
   815 | D        | Offered knowledge of Ignite Poison by Vehumet.
   833 | D        | Learned a level 3 spell: Ignite Poison
   909 | D        | Noticed a hungry ghost
   914 | D        | Killed a hungry ghost
   914 | D        | Offered knowledge of Force Lance by Vehumet.
   914 | D        | Reached skill level 13 in Spellcasting
   914 | D        | Reached skill level 1 in Poison Magic
   953 | D        | Noticed a demonic crawler
  1151 | D        | HP: 1/42 [demonic crawler (10)]
  1151 | D        | Mangled by a demonic crawler

Vault maps used:
D:        pitsprint

Skill      XL: |  1  2  3  4  5  6  7 |
---------------+----------------------+-----
Spellcasting   | 4 9 10 11 12 13 | 13.0
Conjurations   | 2 5 6 7 |  7.7
Fire Magic     | 4 6 7 8 |  8.4
Fighting       | 1 3 |  3.7
Short Blades   | 2 4 |  4.6
Armour         | 1 3 |  3.7
Dodging        | 3 6 |  6.3
Poison Magic   | 1 |  1.0
Stealth        | |  2.4

Action                   |  1- 3 |  4- 6 |  7- 9 || total
-------------------------+-------+-------+-------++-------
Melee: Unarmed           |     1 |       |       ||     1
       Dagger            |       |     2 |       ||     2
 Cast: Flame Tongue      |    12 |    23 |    12 ||    47
       Throw Flame       |       |     6 |       ||     6
       Inner Flame       |       |     2 |       ||     2
       Fireball          |       |     1 |     6 ||     7
       Conjure Flame     |       |     1 |     1 ||     2
       Sticky Flame      |       |       |     5 ||     5
  Use: Potion            |     1 |     2 |     2 ||     5
       Scroll            |       |       |     1 ||     1
  Eat: Chunk             |       |       |     2 ||     2
       Ration            |       |       |     1 ||     1
Armor: Robe              |       |     2 |     3 ||     5
Dodge: Dodged            |     4 |     8 |    25 ||    37

Table legend:
 A = Spawn XP
 B = Non-spawn XP
 C = Spawn XP percentage of total XP
 D = Spawn monster count
 E = Non-spawn monster count
 F = Spawn count percentage of total count
 G = Total turns spent on level
                    A         B        C        D         E        F      G
               +---------+---------+-------+---------+---------+-------+---------
         Total |       0 |    1284 |   0.0 |       0 |      17 |   0.0 |  1151
               +---------+---------+-------+---------+---------+-------+---------
             D |       0 |    1284 |   0.0 |       0 |      17 |   0.0 |  1151
               +---------+---------+-------+---------+---------+-------+---------
